 Dungeon Crawl Stone Soup version 0.27-a0-78-g75406f0b48 (webtiles) character file.

Game seed: 5977910726997732438

8 knot the Chopper (level 2, 24/24 HPs)
             Began as a Demonspawn Berserker on Jan 14, 2021.
             Was a Follower of Trog.
             Quit the game on level 1 of the Dungeon.
             The game lasted 00:00:18 (585 turns).

knot the Chopper (Demonspawn Berserker)              Turns: 585, Time: 00:00:19

Health: 24/24      AC:  2    Str: 17    XL:     2   Next: 0%
Magic:  2/2        EV: 12    Int:  8    God:    Trog [*.....]
Gold:   11         SH:  0    Dex: 12    Spells: 1/1 levels left

rFire    . . .     SeeInvis .   a - +0 hand axe
rCold    . . .     Faith    .   (no shield)
rNeg     . . .     Spirit   .   b - +0 animal skin
rPois    .         Reflect  .   (no helmet)
rElec    .         Harm     .   (no cloak)
rCorr    .         Rampage  .   (no gloves)
Will     .....                  (no boots)
Stlth    +.........             (no amulet)
HPRegen  0.08/turn              (no ring)
MPRegen  0.08/turn              (no ring)

@: no status effects
A: talons 1
a: Renounce Religion, Berserk


You were on level 1 of the Dungeon.
You worshipped Trog.
Trog was aware of your devotion.
You visited 1 branch of the dungeon, and saw 1 of its levels.

You collected 11 gold pieces.

Inventory:

Hand Weapons
 a - a +0 hand axe (weapon)
Missiles
 d - 25 stones
Armour
 b - a +0 animal skin (worn)
Jewellery
 c - a cursed amulet of inaccuracy {unknown}
 e - an uncursed ring of fire {unknown}
 f - an uncursed ring of positive energy {unknown}
Scrolls
 h - a scroll of enchant armour {unknown}
Potions
 g - a potion of mutation {unknown}
 i - a potion of resistance {unknown}
 j - a potion of curing {unknown}


   Skills:
 - Level 3.0 Fighting
 + Level 3.2 Axes
 - Level 1.7 Armour
 - Level 1.7 Dodging


You had one spell level left.
You didn't know any spells.
Your spell library was empty.

Dungeon Overview and Level Annotations

Branches:
Dungeon (1/15)

Altars:


Innate Abilities, Weirdness & Mutations

You have sharp toenails.


Message History

Found a ring mail.
No target in view!
You enter the shallow water.
Moving in this stuff is going to be slow.
j - a viscous brown potion No target in view!
Found a stone staircase leading down.
No target in view!
A kobold comes into view.
The kobold shouts!
The kobold barely misses you.
A kobold is nearby!
You hit the kobold.
You kill the kobold!
Trog accepts your kill.
You have reached level 2!
You feel monstrous as your demonic heritage exerts itself.
Your demonic ancestry asserts itself...
Your toenails lengthen and sharpen.
Are you sure you want to abandon this character and quit the game? (Confirm with "yes".)

#≈≈#.#≈≈####.##
#......##≈≈#.##≈≈#≈#.#
......##≈≈####≈≈#≈#.#
......#≈##≈###≈≈≈#.#
.....#≈##≈# #≈≈≈#.##
....#≈##≈# #≈≈##...
###...#≈##≈# #≈##....
#.#.....#≈#≈≈###≈#.....
##.....@.#≈#≈#≈≈≈≈#.....
#........#≈#≈#≈≈≈≈#.....
##.#####.##≈≈#≈#≈##.....
#.......#≈≈≈###≈#......
#..###>.#≈###.###......
. #..#≈#.#..#.......
...###..###.#.##.......
.........# ...##.......
..###....####.#...#####


There were no monsters in sight!

Vanquished Creatures
  A dart slug (D:1)
  3 kobolds (D:1)
  A frilled lizard (D:1)
  A goblin (D:1)
6 creatures vanquished.

Notes
Turn   | Place    | Note
-------+----------+-------------------------------------------
     0 | D:1      | knot the Demonspawn Berserker began the quest for the Orb.
     0 | D:1      | Reached XP level 1. HP: 18/18 MP: 1/1
   585 | D:1      | Gained mutation: You have sharp toenails. [demonic
                  | ancestry]
   585 | D:1      | Reached XP level 2. HP: 24/24 MP: 2/2
   585 | D:1      | Quit the game

Illustrated notes

Levels and vault maps discovered:
D:1:      shiori_angband_town, layout_basic, serial_rivers,
          chequers_serial_rivers_micro_a, chequers_serial_rivers_micro_c,
          chequers_serial_rivers_micro_c, chequers_serial_rivers_large_b,
          chequers_serial_rivers_small_b, chequers_serial_rivers_room_a,
          minmay_misc_feat_x

Skill      XL: |  1 |
---------------+----+-----
Axes           | 3 |  3.2
Fighting       | |  3.0
Armour         | |  1.7
Dodging        | |  1.7

Action                   || total
-------------------------++-------
Melee: Hand axe          ||    15
Armor: Animal skin       ||     1
Dodge: Dodged            ||     9

Table legend: (Time is in decaauts)
 A = Elapsed time spent in this place.
 B = Non-inter-level travel time spent in this place.
 C = Inter-level travel time spent in this place.
 D = Time resting spent in this place.
 E = Time spent auto-exploring this place.
 F = Levels seen in this place.
 G = Mean time per level.
                   A        B        C        D        E       F      G
               +--------+--------+--------+--------+--------+-----+--------+
         Total |    632 |    632 |      0 |      0 |    588 |   1 |  632.0 |
       Dungeon |    632 |    632 |      0 |      0 |    588 |   1 |  632.0 |
               +--------+--------+--------+--------+--------+-----+--------+

Top non-repeatable levels by time:
     D:1: 632 daAuts
